 Dungeon Crawl Stone Soup version 0.27-a0-1324-ge0d8e047f6 (webtiles) character file.

Game seed: 640606510465687449

125 Wobber the Caller (level 5, 0/27 HPs)
             Began as a Tengu Summoner on June 23, 2021.
             Was a Believer of Hepliaklqana.
             Succumbed to a scorpion's poison
             ... on level 4 of the Dungeon.
             The game lasted 00:23:01 (3844 turns).

Wobber the Caller (Tengu Summoner)                  Turns: 3844, Time: 00:23:02

Health: 0/27       AC:  2    Str:  8    XL:     5   Next: 9%
Magic:  5/10       EV: 15    Int: 16    God:    Hepliaklqana [**....]
Gold:   79         SH:  0    Dex: 15    Spells: 4/9 levels left

rFire    . . .     SeeInvis .   b - +4 rapier
rCold    . . .     Faith    .   (no shield)
rNeg     . . .     Spirit   .   g - +0 robe
rPois    .         Reflect  .   (helmet restricted)
rElec    .         Harm     .   (no cloak)
rCorr    .         Rampage  .   (no gloves)
Will     .....                  (boots unavailable)
Stlth    ++........             (no amulet)
HPRegen  0.09/turn              (no ring)
MPRegen  0.12/turn              (no ring)

@: mighty, lethally poisoned (0 -> -14), flying quickly and evasively, quick
A: reduced essence, beak, talons 3, nimble flight
a: Renounce Religion, Recall Ancestor, Ancestor Identity


You were on level 4 of the Dungeon.
You worshipped Hepliaklqana.
Hepliaklqana was pleased with you.
You visited 1 branch of the dungeon, and saw 4 of its levels.

You collected 79 gold pieces.

Inventory:

Hand Weapons
 a - a +0 hunting sling
 b - a +4 rapier (weapon)
 f - a +0 quarterstaff
 k - a +3 dagger
Missiles
 i - 90 stones
 j - 17 sling bullets
Armour
 g - a +0 robe (worn)
 m - a +0 chain mail
Scrolls
 d - a scroll of blinking {unknown}
 e - 2 scrolls of vulnerability
 o - a scroll of enchant weapon {unknown}
 p - a scroll of amnesia {unknown}
 q - a scroll of identify
Potions
 c - a potion of brilliance {unknown}
 h - a potion of ambrosia
 n - a potion of cancellation {unknown}


   Skills:
 + Level 1.8 Fighting
 + Level 2.6 Dodging
 - Level 2.0 Stealth
 + Level 2.7 Spellcasting
 * Level 6.0 Summonings
 * Level 0.9 Ice Magic


You had 4 spell levels left.
You knew the following spells:

 Your Spells              Type           Power      Damage    Failure   Level
a - Summon Small Mammal   Summ           84%        N/A       1%          1
b - Summon Ice Beast      Ice/Summ       13%        N/A       41%         4

Your spell library contained the following spells:

 Spells                   Type           Power      Damage    Failure   Level
 Call Imp                 Summ           21%        N/A       2%          2
 Call Canine Familiar     Summ           21%        N/A       4%          3
 Summon Guardian Golem    Hex/Summ       11%        N/A       17%         3
 Summon Lightning Spire   Summ/Air       11%        N/A       50%         4


Dungeon Overview and Level Annotations

Branches:
Dungeon (4/15)
 Temple: D:4-7

Altars:
Hepliaklqana

Shops:
D:3 [


Innate Abilities, Weirdness & Mutations

Your life essence is reduced to manifest your ancestor. (-10% HP)
You have a beak for a mouth.
You have claws for feet.
Your magical nature lets you fly swiftly and evasively.


Message History

Your quokka barely misses the scorpion.
Your rat bites the scorpion but does no damage.
You closely miss the scorpion.
The scorpion is lightly wounded.
Your rat closely misses the scorpion.
The scorpion stings you.
Your quokka barely misses the scorpion.
You hit the scorpion.
You claw the scorpion, but do no damage.
The scorpion is moderately wounded.
The scorpion stings you but does no damage.
Your quokka misses the scorpion.
Your rat bites the scorpion but does no damage.
You hit the scorpion.
The scorpion is moderately wounded.
The scorpion stings you.
You are poisoned.
The scorpion poisons you!
Your quokka barely misses the scorpion.
Your rat bites the scorpion but does no damage.
The scorpion closely misses you.
Your quokka closely misses the scorpion.
You feel very sick.
Your rat closely misses the scorpion.
The scorpion stings you!
You are lethally poisoned!
The scorpion poisons you!
Your quokka closely misses the scorpion.
Okay, then.
* * * LOW HITPOINT WARNING * * *
You feel very sick.
Your bat hits the scorpion.
Your rat barely misses the scorpion.
There is a stone staircase leading up here.
Okay, then.
Okay, then.
Marzanna is recalled.
* * * LOW HITPOINT WARNING * * *
You feel very sick.
Your bat barely misses the scorpion.
The scorpion stings you but does no damage.
It was a potion of might.
You feel very mighty all of a sudden.
You die...

♣ ##. ....##
#...#
##..###
#...@R###..#
#....sbr..#
#....r...##
#.....#...#
##...###...#
##### ....#
##.. .


You could see the friendly Marzanna the knight, a scorpion (ally target), a
friendly quokka (summoned), a friendly bat (summoned) and a friendly rat
(summoned).

Vanquished Creatures
  A hound (D:3)
  2 bats
  An endoplasm (D:2)
  A hobgoblin (D:1)
  A jackal (D:1)
  A quokka (D:1)
  A kobold (D:3)
8 creatures vanquished.

Vanquished Creatures (collateral kills)
  A hound (D:3)
  3 adders
  2 dart slugs
  An orc (D:3)
  A bat (D:2)
  7 endoplasms
  3 giant cockroaches
  3 goblins
  4 hobgoblins
  7 jackals (D:1)
  A kobold (D:2)
  2 quokkas
  7 ball pythons
  3 frilled lizards
  A jackal skeleton (D:3)
  8 rats
54 creatures vanquished.

Vanquished Creatures (others)
  2 plants (D:4)
2 creatures vanquished.

Grand Total: 64 creatures vanquished

Notes
Turn   | Place    | Note
-------+----------+-------------------------------------------
     0 | D:1      | Wobber the Tengu Summoner began the quest for the Orb.
     0 | D:1      | Reached XP level 1. HP: 10/10 MP: 4/4
   445 | D:1      | Reached skill level 5 in Summonings
   549 | D:1      | Found a faded altar of an unknown god.
   614 | D:1      | Became a worshipper of Hepliaklqana the Forgotten
   614 | D:1      | Reached * piety under Hepliaklqana
   644 | D:1      | Reached XP level 2. HP: 12/14 MP: 1/6
  1516 | D:2      | Reached skill level 1 in Fighting
  1596 | D:2      | Reached XP level 3. HP: 18/18 MP: 4/7
  2124 | D:2      | Reached ** piety under Hepliaklqana
  2702 | D:3      | Reached XP level 4. HP: 18/22 MP: 1/8
  2702 | D:3      | Remembered your ancestor Marzanna as a knight
  2848 | D:2      | Learned a level 4 spell: Summon Ice Beast
  2996 | D:3      | Reached skill level 6 in Summonings
  3203 | D:3      | Gained mutation: Your magical nature lets you fly swiftly
                  | and evasively. [Tengu growth]
  3203 | D:3      | Reached XP level 5. HP: 24/27 MP: 6/10
  3507 | D:3      | Found Biud Jan's Antique Armour Shoppe.
  3844 | D:4      | Succumbed to a scorpion's poison

Illustrated notes

Levels and vault maps discovered:
D:1:      dpeg_arrival_castle, layout_basic,
          shapermc_ecumenical_altar_mp_vishouse
D:2:      layout_rooms, chequers_serial_rivers_small_b
D:3:      layout_loops_cross, serial_shops, shop_statue
D:4:      layout_cave_pods, nemelex_diamond_rough_becter, serial_shops,
          nicolae_stop_n_shop_1, serial_bayou_lagoon_b, uniq_edmund, uniq_robin

Skill      XL: |  1  2  3  4 |
---------------+-------------+-----
Summonings     | 5 6 |  6.0
Fighting       | 1 |  1.8
Dodging        | |  2.6
Stealth        | |  2.0
Spellcasting   | |  2.7
Ice Magic      | |  0.9

Action                   |  1- 3 |  4- 6 || total
-------------------------+-------+-------++-------
Melee: Unarmed           |    19 |       ||    19
       Kick              |     5 |     3 ||     8
       Peck              |     3 |     2 ||     5
       Quarterstaff      |     2 |       ||     2
       Rapier            |     3 |    13 ||    16
       Dagger            |     2 |       ||     2
 Fire: Hunting sling     |     6 |       ||     6
 Cast: Summon Small Mamm |    98 |    38 ||   136
Invok: Ancestor Life: Kn |       |     1 ||     1
       Recall Ancestor   |       |     1 ||     1
  Use: Scroll            |     4 |       ||     4
       Potion            |       |     1 ||     1
Armor: Robe              |     9 |     3 ||    12
Dodge: Dodged            |    31 |    10 ||    41

Table legend: (Time is in decaauts)
 A = Elapsed time spent in this place.
 B = Non-inter-level travel time spent in this place.
 C = Inter-level travel time spent in this place.
 D = Time resting spent in this place.
 E = Time spent auto-exploring this place.
 F = Levels seen in this place.
 G = Mean time per level.
                   A        B        C        D        E       F      G
               +--------+--------+--------+--------+--------+-----+--------+
         Total |   3784 |   3677 |    107 |    692 |   2179 |   4 |  946.0 |
       Dungeon |   3784 |   3677 |    107 |    692 |   2179 |   4 |  946.0 |
               +--------+--------+--------+--------+--------+-----+--------+

Top non-repeatable levels by time:
     D:2: 1347 daAuts
     D:1: 1330 daAuts
     D:3: 1093 daAuts
     D:4: 13 daAuts
